 Dungeon Crawl Stone Soup version 0.27-a0-1140-g099f9bb0e8 (webtiles) character file.

Game seed: 6054163562562510199

80 experimilk the Digger (level 4, 0/35 HPs)
             Began as a Ghoul Earth Elementalist on May 10, 2021.
             Slain by a phantom (9 damage)
             ... on level 3 of the Dungeon.
             The game lasted 00:09:15 (2780 turns).

experimilk the Digger (Ghoul Earth Elementalist)    Turns: 2780, Time: 00:09:16

Health: 0/35       AC:  2    Str: 11    XL:     4   Next: 39%
Magic:  1/6        EV: 12    Int: 11    God:
Gold:   61         SH:  0    Dex:  9    Spells: 1/7 levels left

rFire    . . .     SeeInvis .   (no weapon)
rCold    + . .     Faith    .   (no shield)
rNeg     + + +     Spirit   .   c - +0 robe
rPois    ∞         Reflect  .   (no helmet)
rElec    .         Harm     .   (no cloak)
rCorr    .         Rampage  .   (no gloves)
Will     .....                  (no boots)
Stlth    ++........             (no amulet)
HPRegen  0.00/turn              (no ring)
MPRegen  0.10/turn              (no ring)

@: brilliant, about to teleport
A: claws 1, cold resistance 1, negative energy resistance 3, inhibited
regeneration, torment resistance 2, unbreathing 1
a: no special abilities


You were on level 3 of the Dungeon.
You visited 1 branch of the dungeon, and saw 3 of its levels.

You collected 61 gold pieces.

Inventory:

Missiles
 b - 20 stones
Armour
 c - a +0 robe (worn)
Jewellery
 n - a ring of positive energy
Scrolls
 a - a scroll of amnesia {unknown}
 d - a scroll of magic mapping {unknown}
 h - a scroll of teleportation
 j - a scroll of summoning {unknown}
 k - a scroll of immolation {unknown}
 l - a scroll of fear {unknown}
 m - a scroll of blinking {unknown}
 o - a scroll of noise {unknown}
Potions
 f - a potion of attraction {unknown}
 g - a potion of mutation {unknown}
 i - a potion of brilliance
 p - a potion of heal wounds {unknown}


   Skills:
 + Level 1.2 Fighting
 - Level 1.7 Dodging
 + Level 2.7 Stealth
 + Level 2.2 Spellcasting
 * Level 2.0 Transmutations
 * Level 4.1 Earth Magic


You had one spell level left.
You knew the following spells:

 Your Spells              Type           Power      Damage    Failure   Level
a - Sandblast             Erth           30%        2d9       5%          1
b - Passwall              Tmut/Erth      9%         N/A       12%         2
c - Stone Arrow           Conj/Erth      16%        3d8       36%         3

Your spell library contained the following spells:

 Spells                   Type           Power      Damage    Failure   Level
 Animate Skeleton         Necr           2%         N/A       28%         1
 Pain                     Necr           4%         1d4       28%         1
 Petrify                  Tmut/Erth      11%        N/A       63%         4
 Vampiric Draining        Necr           0%         2d6       65%         3
 Lee's Rapid Deconstruct  Erth           7%         3d8*      82%         5
 Animate Dead             Necr           0%         N/A       96%         4
 Agony                    Necr           1%         N/A       100%        5


Dungeon Overview and Level Annotations

Branches:
Dungeon (3/15)

Altars:


Innate Abilities, Weirdness & Mutations

You thrive by killing the living.
You are immune to poison.
You have sharp fingernails.
Your flesh is cold resistant. (rC+)
You are immune to negative energy. (rN+++)
You do not regenerate when monsters are visible.
You are immune to unholy pain and torment.
You can survive without breathing.


Message History

The phantom is heavily damaged.
The phantom misses you.
Casting: Sandblast (safe; 5% risk of failure)
Confirm with . or Enter, or press ? or * to list all spells.
Aiming: Sandblast (safe; 5% risk of failure)
Press: ? - help, Shift-Dir - straight line, f/p - phantom
Aim: a phantom (heavily damaged, 71% to hit)
The blast of sand hits the phantom.
The phantom is heavily damaged.
The phantom hits you but does no damage.
You scratch the phantom but do no damage.
The phantom is heavily damaged.
The phantom hits you.
The phantom blinks!
You blink.
You scratch the phantom.
The phantom is heavily damaged.
The phantom barely misses you.
You scratch the phantom but do no damage.
The phantom is heavily damaged.
The phantom hits you.
The phantom blinks!
You blink.
You barely miss the phantom.
The phantom is heavily damaged.
The phantom hits you.
* * * LOW HITPOINT WARNING * * *
It was a potion of brilliance.
You feel clever all of a sudden. The phantom hits you.
* * * LOW HITPOINT WARNING * * *
It was a potion of curing.
You feel better. The phantom misses you.
You closely miss the phantom.
The phantom is heavily damaged.
The phantom hits you.
* * * LOW HITPOINT WARNING * * *
The phantom blinks!
You blink.
You scratch the phantom.
The phantom is heavily damaged.
The phantom barely misses you.
As you read the scroll labelled ROOKLUULIUGE, it crumbles to dust.
You feel strangely unstable.
It was a scroll of teleportation.
The phantom hits you!
You die...

######## #..#
.......###..#
............# ..
.#####.###.## .# ##
#.# #.# .# # #.# #.#
#### .# #.# #.. ..# .#
#.. ... #.# .# ###
###.###@############.#
#.....W.....§......#
#####.##############
## #.# .# ########.#
.# #........# .#
#.######## .# #.# .#
#.#


You could see a phantom.

Vanquished Creatures
  2 adders
  A worm (D:2)
  2 dart slugs
  An orc (D:3)
  8 ball pythons
  8 bats
  3 endoplasms
  2 giant cockroaches (D:1)
  5 goblins
  5 hobgoblins
  2 jackals (D:2)
  A quokka (D:1)
  3 frilled lizards
  3 kobolds
  7 rats
53 creatures vanquished.

Notes
Turn   | Place    | Note
-------+----------+-------------------------------------------
     0 | D:1      | experimilk the Ghoul Earth Elementalist began the quest for
                  | the Orb.
     0 | D:1      | Reached XP level 1. HP: 14/14 MP: 2/2
   115 | D:1      | Reached skill level 1 in Transmutations
   250 | D:1      | Reached XP level 2. HP: 22/22 MP: 0/3
   762 | D:1      | Reached XP level 3. HP: 22/27 MP: 1/5
   926 | D:1      | Learned a level 2 spell: Passwall
   930 | D:1      | Learned a level 3 spell: Stone Arrow
  1572 | D:2      | Reached skill level 1 in Fighting
  1918 | D:2      | Reached skill level 4 in Earth Magic
  1918 | D:2      | Reached XP level 4. HP: 35/35 MP: 1/6
  2747 | D:3      | Noticed a phantom
  2776 | D:3      | HP: 1/35 [phantom (5)]
  2780 | D:3      | Slain by a phantom

Illustrated notes

Levels and vault maps discovered:
D:1:      enne_arrival_octagon_isle, layout_basic, kennysheep_crisscross,
          minivault_26
D:2:      layout_rooms, hangedman_decor_slide_cut
D:3:      layout_loops_ring, nicolae_ru_the_path_less_chosen,
          nicolae_uskayaw_suspiria, basic_ecumenical_altar

Skill      XL: |  1  2  3  4 |
---------------+-------------+-----
Transmutations | 1 2 |  2.0
Spellcasting   | 2 |  2.2
Fighting       | 1 |  1.2
Earth Magic    | 4 |  4.1
Dodging        | |  1.7
Stealth        | |  2.7

Action                   |  1- 3 |  4- 6 || total
-------------------------+-------+-------++-------
Melee: Unarmed           |     3 |    39 ||    42
       Whip              |    37 |     1 ||    38
 Cast: Sandblast         |    56 |    20 ||    76
  Use: Potion            |       |     2 ||     2
       Scroll            |       |     1 ||     1
Armor: Robe              |    19 |     5 ||    24
Dodge: Dodged            |    51 |    29 ||    80

Table legend: (Time is in decaauts)
 A = Elapsed time spent in this place.
 B = Non-inter-level travel time spent in this place.
 C = Inter-level travel time spent in this place.
 D = Time resting spent in this place.
 E = Time spent auto-exploring this place.
 F = Levels seen in this place.
 G = Mean time per level.
                   A        B        C        D        E       F      G
               +--------+--------+--------+--------+--------+-----+--------+
         Total |   2786 |   2766 |     20 |   1080 |    649 |   3 |  928.7 |
       Dungeon |   2786 |   2766 |     20 |   1080 |    649 |   3 |  928.7 |
               +--------+--------+--------+--------+--------+-----+--------+

Top non-repeatable levels by time:
     D:1: 1311 daAuts
     D:2: 967 daAuts
     D:3: 507 daAuts
